3AA
SAN ANTONIO BC @ BELVEDERE PARK RAWHIDES
09/16/2031
 
TOP OF THE 1ST
San Antonio BC batting - Pitching for Belvedere Park Rawhides : RHP Chris Holland
Pitching: RHP Chris Holland
Batting: LHB Sidney Dollarhide 0-0: Ball
1-0: Called Strike
1-1: Called Strike
1-2: Ground out 4-3 (Groundball, 4MS)
Batting: SHB Esteban Borsellino 0-0: Ball
1-0: Ball
2-0: Called Strike
2-1: Swinging Strike
2-2: Ball
3-2: Strikes out swinging
Batting: SHB Scotty Vallee 0-0: Called Strike
0-1: Called Strike
0-2: Ball
1-2: Strikes out swinging
Top of the 1st over - 0 runs, 0 hits, 0 errors, 0 left on base; San Antonio 0 - Belvedere Park 0
BOTTOM OF THE 1ST
Belvedere Park Rawhides batting - Pitching for San Antonio BC : RHP Bryan Palmer
Pitching: RHP Bryan Palmer
Batting: LHB Carlos Medellín 0-0: Foul Ball, location: 2F
0-1: Ball
1-1: Foul Ball, location: 2F
1-2: Ball
2-2: Fly out, F4 (Popup, 34D)
Batting: LHB Ken Gill 0-0: Swinging Strike
0-1: Foul Ball, location: 2F
0-2: Strikes out swinging
Batting: RHB Jesús Recesvinto 0-0: Ball
1-0: Called Strike
1-1: Ground out 6-3 (Groundball, 6)
Bottom of the 1st over - 0 runs, 0 hits, 0 errors, 0 left on base; San Antonio 0 - Belvedere Park 0
TOP OF THE 2ND
San Antonio BC batting - Pitching for Belvedere Park Rawhides : RHP Chris Holland
Batting: RHB Chet Mathis 0-0: Called Strike
0-1: Ball
1-1: Called Strike
1-2: Foul Ball, location: 2F
1-2: Strikes out swinging
Batting: LHB Pablo Morales 0-0: Swinging Strike
0-1: Ball
1-1: Called Strike
1-2: Ball
2-2: Ball
3-2: Strikes out looking
Batting: RHB José Salinas 0-0: Called Strike
0-1: Swinging Strike
0-2: Ball
1-2: Ball
2-2: Foul Ball, location: 2F
2-2: Strikes out swinging
Top of the 2nd over - 0 runs, 0 hits, 0 errors, 0 left on base; San Antonio 0 - Belvedere Park 0
BOTTOM OF THE 2ND
Belvedere Park Rawhides batting - Pitching for San Antonio BC : RHP Bryan Palmer
Batting: RHB Domingo Trujillo 0-0: Ground out 5-3 (Groundball, 5S)
Batting: LHB Mike Goff 0-0: Ball
1-0: Foul Ball, location: 2F
1-1: SINGLE (Groundball, 3D)
Batting: LHB Randy Sallah 0-0: Ball
1-0: Foul Ball, location: 2F
1-1: Foul Ball, location: 2F
1-2: Foul Ball, location: 2F
1-2: Ball
2-2: Foul Ball, location: 2F
2-2: Fly out, F8 (Line Drive, 8LS)
Batting: RHB Norm Chodorow 0-0: Fielders Choice at 2nd, 6-4 (Groundball, 6)
Bottom of the 2nd over - 0 runs, 1 hit, 0 errors, 1 left on base; San Antonio 0 - Belvedere Park 0
TOP OF THE 3RD
San Antonio BC batting - Pitching for Belvedere Park Rawhides : RHP Chris Holland
Batting: RHB Tyler Utterback 0-0: Ball
1-0: Swinging Strike
1-1: Ball
2-1: Ball
3-1: DOUBLE (Line Drive, 8LD)
Batting: RHB Renato Lavado 0-0: Called Strike
0-1: Ball
1-1: Ground out 6-3 (Groundball, 6)
Tyler Utterback to third
Batting: RHB Alfonso Torres 0-0: Called Strike
0-1: Ball
1-1: Foul Ball, location: 2F
1-2: Strikes out swinging
Batting: LHB Sidney Dollarhide 0-0: TRIPLE (Line Drive, 78XD)
Tyler Utterback scores
Batting: SHB Esteban Borsellino 0-0: Called Strike
0-1: Ball
1-1: Ball
2-1: Foul Ball, location: 2F
2-2: Ball
3-2: Base on Balls
Batting: SHB Scotty Vallee 0-0: Ball
1-0: Ball
2-0: Ground out 4-3 (Groundball, 34D)
Top of the 3rd over - 1 run, 2 hits, 0 errors, 2 left on base; San Antonio 1 - Belvedere Park 0
BOTTOM OF THE 3RD
Belvedere Park Rawhides batting - Pitching for San Antonio BC : RHP Bryan Palmer
Batting: RHB Hang-ki Chung 0-0: Ball
1-0: Called Strike
1-1: Fly out, F7 (Flyball, 7S)
Batting: RHB Stephen Webb 0-0: Ball
1-0: Ball
2-0: Ball
3-0: Called Strike
3-1: Fly out, F9 (Flyball, 9)
Batting: LHB Carlos Medellín 0-0: Ball
1-0: Foul Ball, location: 2F
1-1: Ground out 4-3 (Groundball, 4)
Bottom of the 3rd over - 0 runs, 0 hits, 0 errors, 0 left on base; San Antonio 1 - Belvedere Park 0
TOP OF THE 4TH
San Antonio BC batting - Pitching for Belvedere Park Rawhides : RHP Chris Holland
Batting: RHB Chet Mathis 0-0: Ball
1-0: Foul Ball, location: 2F
1-1: Fly out, F8 (Flyball, 8RS)
Batting: LHB Pablo Morales 0-0: Called Strike
0-1: Ball
1-1: Swinging Strike
1-2: Ball
2-2: Fly out, F8 (Flyball, 89D)
Batting: RHB José Salinas 0-0: DOUBLE (Line Drive, 7LM)
Batting: RHB Tyler Utterback 0-0: Called Strike
0-1: Ball
1-1: Swinging Strike
1-2: Ball
2-2: Foul Ball, location: 2F
2-2: Foul Ball, location: 2F
2-2: SINGLE (Line Drive, 4D)
José Salinas to third
Runner from 3rd tries for Home, SAFE, throw made home
Batting: RHB Renato Lavado 0-0: Swinging Strike
0-1: Ball
1-1: Swinging Strike
1-2: Strikes out swinging
Top of the 4th over - 1 run, 2 hits, 0 errors, 1 left on base; San Antonio 2 - Belvedere Park 0
BOTTOM OF THE 4TH
Belvedere Park Rawhides batting - Pitching for San Antonio BC : RHP Bryan Palmer
Batting: LHB Ken Gill 0-0: Called Strike
0-1: Swinging Strike
0-2: Ball
1-2: Ball
2-2: Ball
3-2: Fly out, F7 (Flyball, 7)
Batting: RHB Jesús Recesvinto 0-0: Called Strike
0-1: Fly out, F6 (Line Drive, 6)
Batting: RHB Domingo Trujillo 0-0: DOUBLE (Line Drive, 78D)
Batting: LHB Mike Goff 0-0: Called Strike
0-1: Ball
1-1: Ground out 4-3 (Groundball, 4)
Bottom of the 4th over - 0 runs, 1 hit, 0 errors, 1 left on base; San Antonio 2 - Belvedere Park 0
TOP OF THE 5TH
San Antonio BC batting - Pitching for Belvedere Park Rawhides : RHP Chris Holland
Batting: RHB Alfonso Torres 0-0: Called Strike
0-1: Ball
1-1: Ball
2-1: Ball
3-1: Ground out 5-3 (Groundball, 5L)
Batting: LHB Sidney Dollarhide 0-0: Called Strike
0-1: Swinging Strike
0-2: Ball
1-2: Ball
2-2: Ball
3-2: Strikes out swinging
Batting: SHB Esteban Borsellino 0-0: Foul Ball, location: 2F
0-1: Called Strike
0-2: Ball
1-2: Ground out U3 (Groundball, 34)
Top of the 5th over - 0 runs, 0 hits, 0 errors, 0 left on base; San Antonio 2 - Belvedere Park 0
BOTTOM OF THE 5TH
Belvedere Park Rawhides batting - Pitching for San Antonio BC : RHP Bryan Palmer
Batting: LHB Randy Sallah 0-0: Called Strike
0-1: Fly out, F4 (Popup, 4)
Batting: RHB Norm Chodorow 0-0: Foul Ball, location: 2F
0-1: Foul Ball, location: 2F
0-2: Ground out 6-3 (Groundball, 6)
Batting: RHB Hang-ki Chung 0-0: Swinging Strike
0-1: Swinging Strike
0-2: Ball
1-2: Foul Ball, location: 2F
1-2: Ground out 1-3 (Groundball, P)
Bottom of the 5th over - 0 runs, 0 hits, 0 errors, 0 left on base; San Antonio 2 - Belvedere Park 0
TOP OF THE 6TH
San Antonio BC batting - Pitching for Belvedere Park Rawhides : RHP Chris Holland
Batting: SHB Scotty Vallee 0-0: Called Strike
0-1: Ball
1-1: Ball
2-1: Swinging Strike
2-2: Ball
3-2: Foul Ball, location: 2F
3-2: Foul Ball, location: 2F
3-2: Base on Balls
Pitching: RHP Ángel Gómez
Batting: RHB Chet Mathis 0-0: Called Strike
0-1: Ball
1-1: Fly out, F3 (Popup, 23)
Batting: LHB Pablo Morales 0-0: Ball
1-0: Ball
2-0: Ball
3-0: Called Strike
3-1: Called Strike
3-2: Ground out 3-1 (Groundball, 2R)
Scotty Vallee to second
Batting: RHB José Salinas 0-0: Ball
1-0: Fly out, F7 (Flyball, 7)
Top of the 6th over - 0 runs, 0 hits, 0 errors, 1 left on base; San Antonio 2 - Belvedere Park 0
BOTTOM OF THE 6TH
Belvedere Park Rawhides batting - Pitching for San Antonio BC : RHP Bryan Palmer
Batting: RHB Stephen Webb 0-0: Ball
1-0: Ball
2-0: Ball
3-0: Called Strike
3-1: Base on Balls
Batting: LHB Carlos Medellín 0-0: Ball
1-0: Ball
2-0: Called Strike
2-1: Ball
3-1: Sac Bunt - play at first, batter safe!
Stephen Webb to second
Batting: LHB Ken Gill 0-0: Sac Bunt - play at first, batter OUT! 1-3
Stephen Webb to third
Carlos Medellín to second
Batting: RHB Jesús Recesvinto 0-0: Called Strike
0-1: Ball
1-1: Ball
2-1: SINGLE (Groundball, 56D)
Stephen Webb scores
Carlos Medellín to third
Runner from 3rd tries for Home, SAFE, throw made home
Batting: RHB Domingo Trujillo 0-0: Ball
1-0: Called Strike
1-1: Ground out 5-3 (Groundball, 56S)
Jesús Recesvinto to second
Batting: LHB Mike Goff 0-0: Called Strike
0-1: Swinging Strike
0-2: Ball
1-2: Ball
2-2: Ground out 1-3 (Groundball, P)
Bottom of the 6th over - 2 runs, 2 hits, 0 errors, 1 left on base; San Antonio 2 - Belvedere Park 2
TOP OF THE 7TH
San Antonio BC batting - Pitching for Belvedere Park Rawhides : RHP Ángel Gómez
Batting: RHB Tyler Utterback 0-0: Called Strike
0-1: Foul Ball, location: 2F
0-2: Fly out, F3 (Popup, 3SF)
Pitching: RHP Arturio Sandolva
Batting: RHB Renato Lavado 0-0: Ball
1-0: SINGLE (Groundball, 6D)
Batting: RHB Alfonso Torres 0-0: Called Strike
0-1: Ball
1-1: Called Strike
1-2: Strikes out swinging
Batting: LHB Sidney Dollarhide 0-0: Swinging Strike
0-1: Ball
1-1: Ball
2-1: Ball
3-1: Foul Ball, location: 2F
3-2: Base on Balls
Renato Lavado to second
Batting: SHB Esteban Borsellino 0-0: Called Strike
0-1: Called Strike
0-2: Ball
1-2: SINGLE (Groundball, 34D)
Renato Lavado to third
Sidney Dollarhide to second
Runner from 3rd tries for Home, SAFE, no throw
Batting: SHB Scotty Vallee 0-0: Ball
1-0: Ground out 4-3 (Groundball, 4S)
Top of the 7th over - 1 run, 2 hits, 0 errors, 2 left on base; San Antonio 3 - Belvedere Park 2
BOTTOM OF THE 7TH
Belvedere Park Rawhides batting - Pitching for San Antonio BC : RHP Bryan Palmer
Batting: LHB Randy Sallah 0-0: Ball
1-0: Called Strike
1-1: Foul Ball, location: 2F
1-2: Strikes out swinging
Batting: RHB Norm Chodorow 0-0: Ball
1-0: Fly out, F5 (Flyball, 56D)
Batting: RHB Hang-ki Chung 0-0: Fly out, F5 (Popup, 5)
Bottom of the 7th over - 0 runs, 0 hits, 0 errors, 0 left on base; San Antonio 3 - Belvedere Park 2
TOP OF THE 8TH
San Antonio BC batting - Pitching for Belvedere Park Rawhides : RHP Arturio Sandolva
Batting: RHB Chet Mathis 0-0: Ball
1-0: Ball
2-0: Ball
3-0: Foul Ball, location: 2F
3-1: Base on Balls
Batting: LHB Pablo Morales 0-0: SINGLE (Line Drive, 78S)
Chet Mathis to second
Batting: RHB José Salinas 0-0: Sac Bunt - play at first, batter OUT! 5-4
Chet Mathis to third
Pablo Morales to second
Batting: RHB Tyler Utterback 0-0: Ball
1-0: Swinging Strike
1-1: Ball
2-1: Fly out, F7 (Flyball, 78M)
Runner from 3rd tags up, OUT at HOME
Top of the 8th over - 0 runs, 1 hit, 0 errors, 1 left on base; San Antonio 3 - Belvedere Park 2
BOTTOM OF THE 8TH
Belvedere Park Rawhides batting - Pitching for San Antonio BC : RHP Bryan Palmer
Now at 3B: Ben Hampton
Batting: RHB Stephen Webb 0-0: Ball
1-0: Ball
2-0: Ball
3-0: Swinging Strike
3-1: Base on Balls
Pinch Runner at 1st Jorge Alcantar:
Batting: LHB Carlos Medellín 0-0: Sac Bunt - play at first, batter OUT! 1-4
Jorge Alcantar to second
Batting: LHB Ken Gill 0-0: Ball
1-0: Foul Ball, location: 2F
1-1: Ball
2-1: Swinging Strike
2-2: Ground out 6-3 (Groundball, 6)
Jorge Alcantar to third
Batting: RHB Jesús Recesvinto 0-0: Called Strike
0-1: Ball
1-1: DOUBLE (Line Drive, 78XD)
Jorge Alcantar scores
Batting: RHB Domingo Trujillo 0-0: SINGLE (Flyball, 78S)
Jesús Recesvinto to third
Runner from 3rd tries for Home, SAFE, no throw
Batting: LHB Mike Goff 0-0: Ball
1-0: Foul Ball, location: 2F
1-1: Ball
2-1: Foul Ball, location: 2F
2-2: SINGLE (Flyball, 78M)
Domingo Trujillo to second
Pitching: LHP Martín Salazar
Pinch Hitting: RHB José Pérez 0-0: Ball
1-0: Foul Ball, location: 2F
1-1: Ball
2-1: Fielders Choice at 2nd, 6-4 (Groundball, 6)
Bottom of the 8th over - 2 runs, 3 hits, 0 errors, 2 left on base; San Antonio 3 - Belvedere Park 4
TOP OF THE 9TH
San Antonio BC batting - Pitching for Belvedere Park Rawhides : RHP Arturio Sandolva
Pitching: RHP Sam Pelsize
Now at C: Tony Farquharson
Now at 1B: José Pérez
Now at 3B: Pat Sizemore
Now in LF: Ed Jozwiak
Batting: RHB Renato Lavado 0-0: Ball
1-0: Ground out 4-3 (Groundball, 4)
Batting: RHB Alfonso Torres 0-0: Called Strike
0-1: Called Strike
0-2: Ball
1-2: Fly out, F6 (Popup, 6)
Batting: LHB Sidney Dollarhide 0-0: SINGLE (Line Drive, 4)
Batting: SHB Esteban Borsellino 0-0: Ball
Wild Pitch!
Sidney Dollarhide to second
1-0: Ball
2-0: Ball
3-0: Base on Balls
Batting: SHB Scotty Vallee 0-0: Foul Ball, location: 2F
0-1: Foul Ball, location: 2F
0-2: Strikes out swinging
Top of the 9th over - 0 runs, 1 hit, 0 errors, 2 left on base; San Antonio 3 - Belvedere Park 4
Tuesday, June 12th, 2018 - OOTP Baseball 18.8 Build 76